AoeStats
← Filermon

Arabia

510111504Analyzed
2v2 RM · 3d ago on Sep 29, 2026· 46m 5s· 4 players
Game mode
Random Map
Map size
Medium (4 player)
Population
200
Speed
Normal
Resources
Standard
Victory
Conquest
Starting age
Dark Age
Ending age
Imperial Age
RankedLock teamsTeams togetherTeam positionsShared explorationLock speedFull tech treeHidden civsTurbo modeCheats
Victory
Defeat
🇦🇷 Wu · Argentina
1163
+14
🇮🇱 Portuguese · Israel
1009
+20
🇨🇳 Magyars · China
1110
-17
🇨🇳 Wei · China
1109
-17
Viphera (ex Malín el frances)
8:28 Feudal Age
6:43 Loom
8:56 Double-Bit Axe
9:50 Horse Collar
18:31 Wheelbarrow
21:56 Castle Age
20:13 Gold Mining
23:12 Bow Saw
23:03 Heavy Plow
23:41 Gold Shaft Mining
23:02 Stone Mining
25:07 Hand Cart
24:40 Town Watch
24:25 Pikeman
25:20 Scale Mail Armor
25:54 Forging
26:17 Chain Mail Armor
27:53 Squires
33:15 Imperial Age
31:57 Iron Casting
31:10 Arson
32:23 Fletching
34:29 Plate Mail Armor
34:16 Bodkin Arrow
36:46 Conscription
36:05 Halberdier
38:22 Blast Furnace
37:22 Bracer
40:28 Chemistry
42:28 Sitting Tiger
44:08 Stone Shaft Mining
44:33 Two-Man Saw
Filermon
6:25 Loom
9:49 Feudal Age
10:23 Double-Bit Axe
11:42 Horse Collar
21:40 Castle Age
19:58 Gold Mining
22:25 Scale Barding Armor
23:16 Heavy Plow
24:29 Forging
26:49 Chain Barding Armor
27:04 Iron Casting
27:30 Wheelbarrow
28:55 Iron Casting
28:25 Husbandry
30:41 Bloodlines
33:36 Pikeman
37:14 Scale Mail Armor
38:47 Stone Mining
39:08 Bow Saw
41:30 Imperial Age
40:56 Hand Cart
41:47 Chain Mail Armor
41:35 Cavalier
42:20 Halberdier
44:01 Plate Barding Armor
474269844
6:15 Loom
10:37 Feudal Age
12:00 Man-at-Arms
18:22 Double-Bit Axe
21:25 Castle Age
20:12 Horse Collar
21:03 Bloodlines
21:06 Scale Barding Armor
30:17 Chain Barding Armor
31:34 Pikeman
32:31 Light Cavalry
40:13 Bow Saw
42:59 Imperial Age
41:18 Wheelbarrow
40:43 Long Swordsman
42:15 Scale Mail Armor
42:48 Heavy Plow
44:29 Chain Mail Armor
qwert12356
6:02 Loom
9:34 Feudal Age
10:17 Man-at-Arms
22:25 Castle Age
20:32 Double-Bit Axe
21:34 Bloodlines
21:37 Gold Mining
22:14 Scale Barding Armor
22:21 Horse Collar
25:32 Bow Saw
26:40 Stone Mining
27:49 Wheelbarrow
29:08 Chain Barding Armor
30:24 Fletching
31:18 Bodkin Arrow
31:39 Forging
32:35 Husbandry
33:14 Tuntian
34:06 Iron Casting
40:12 Imperial Age
41:28 Ming Guang Armor
41:50 Conscription
41:23 Heavy Hei Guang Cavalry
43:54 Blast Furnace
Connection lost

Rejoining the realm…

Still unreachable

The connection could not be restored.

Session expired

The server has moved on; the page needs a fresh start.